 Dungeon Crawl Stone Soup version 0.26-a0-393-g67388ea477 (webtiles) character file.

Game seed: 4477327790654636006

3605 Bikalo the Martial Artist (level 10, -6/76 HPs)
             Began as a Gnoll Transmuter on July 22, 2020.
             Was a Priest of Cheibriados.
             Mangled by Pikel
             ... wielding a +0 whip of electrocution
              (19 damage)
             ... on level 8 of the Dungeon.
             The game lasted 00:19:51 (10864 turns).

Bikalo the Martial Artist (Gnoll Transmuter)       Turns: 10864, Time: 00:19:52

Health: -6/76      AC:  2    Str: 21    XL:     10   Next: 10%
Magic:  20/20      EV: 30    Int: 26    God:    Cheibriados [***...]
Gold:   1211       SH:  5    Dex: 31    Spells: 12/23 levels left

rFire    . . .     SeeInvis .     - Unarmed
rCold    . . .     Faith    .   (shield currently unavailable)
rNeg     . . .     Spirit   .   (armour currently unavailable)
rPois    x         Reflect  +   (helmet currently unavailable)
rElec    .         Harm     .   (cloak currently unavailable)
rCorr    .                      (gloves currently unavailable)
MR       .....                  (boots currently unavailable)
Stlth    ++++......             e - amulet of reflection
HPRegen  0.22/turn              (no ring)
MPRegen  0.17/turn              (no ring)

@: about to teleport, spider-form, marked, very slow
A: tiny, distributed training, agile 1, strong nose
a: End Transformation, Bend Time, Temporal Distortion, Renounce Religion


You were on level 8 of the Dungeon.
You worshipped Cheibriados.
Cheibriados was most pleased with you.
You were a venomous arachnid creature.
You visited 1 branch of the dungeon, and saw 8 of its levels.

You collected 1547 gold pieces.
You spent 336 gold pieces at shops.

Inventory:

Hand Weapons
 x - a +0 hand crossbow
Missiles
 q - 115 arrows
Armour
 b - a +0 robe
 c - a +2 pair of gloves of dexterity (melded)
 h - a +0 buckler (melded)
 m - a +1 ring mail
 r - the +1 chain mail "Areh" (melded) {rC++}
   (You found it on level 4 of the Dungeon)

   It greatly protects you from cold.
Jewellery
 e - an amulet of reflection (around neck)
 z - an uncursed ring of fire
Wands
 s - a wand of paralysis (12)
 v - a wand of enslavement (9)
 w - a wand of flame (1)
Scrolls
 a - a scroll of blinking {unknown}
 j - 11 scrolls of identify
 o - a scroll of fog
 u - 3 scrolls of remove curse
 y - a scroll of magic mapping
Potions
 d - a potion of mutation
 f - a potion of flight
 i - a potion of might
 k - a potion of cancellation {unknown}
 l - a potion of ambrosia {unknown}
 n - a potion of degeneration {unknown}
 p - a potion of resistance {unknown}
 t - a potion of brilliance
 A - 2 potions of haste


   Skills:
 + Level 5.6 Fighting
 + Level 4.9 Short Blades
 + Level 4.9 Long Blades
 + Level 4.9 Axes
 + Level 4.9 Maces & Flails
 + Level 4.9 Polearms
 + Level 4.9 Staves
 + Level 4.9 Slings
 + Level 4.9 Bows
 + Level 4.9 Crossbows
 + Level 4.9 Throwing
 + Level 4.9 Armour
 + Level 6.8 Dodging
 + Level 4.9 Stealth
 + Level 4.9 Shields
 + Level 8.3 Unarmed Combat
 + Level 7.1 Spellcasting
 + Level 4.1 Conjurations
 + Level 4.1 Hexes
 + Level 4.1 Summonings
 + Level 4.1 Necromancy
 + Level 4.1 Translocations
 + Level 5.6 Transmutations
 + Level 4.1 Fire Magic
 + Level 4.1 Ice Magic
 + Level 4.1 Air Magic
 + Level 4.1 Earth Magic
 + Level 4.1 Poison Magic
 + Level 5.4 Invocations
 + Level 4.9 Evocations


You had 12 spell levels left.
You knew the following spells:

 Your Spells              Type           Power        Failure   Level
a - Beastly Appendage     Tmut           #####.       4%          1
b - Wereblood             Tmut           #####...     4%          2
c - Spider Form           Tmut/Pois      ####......   10%         3
d - Blade Hands           Tmut           #####.....   36%         5

Your spell library contained the following spells:

 Spells                   Type           Power        Failure   Level
 Ice Form                 Ice/Tmut       ####....     22%         4
 Malign Gateway           Summ/Tloc      ####......   100%        7
 Monstrous Menagerie      Summ           ####......   100%        7
 Summon Greater Demon     Summ           ####......   100%        7
 Summon Horrible Things   Summ           ####......   100%        8


Dungeon Overview and Level Annotations

Branches:
Dungeon (8/15)             Temple (0/1) D:4
   Lair: D:8-11

Altars:
Cheibriados
Elyvilon
Fedhas
Okawaru
Qazlal
Sif Muna
Uskayaw
Vehumet
Xom
Yredelemnul
The Shining One
Beogh

Shops:
D:8 [

Annotations:
D:4 2 runed translucent doors
D:7 3 runed translucent doors, WhatIsLove's ghost, novice HOMo
D:8 Harold; Pikel


Innate Abilities, Weirdness & Mutations

Your experience applies equally to all skills.
((You have very sharp teeth.))
Your uncanny sense of smell can sniff out nearby items.
((You have sharp fingernails.))
You are agile. (Dex +2)


Message History

Harold hits you with a +0 halberd! The lemure completely misses you.
You bite Pikel!
Pikel is moderately wounded.
Pikel hits you with a +0 whip of electrocution.
You block the lemure's attack. The lemure completely misses you.
You hit Pikel.
Pikel is moderately wounded.
Harold hits you with a +0 halberd!! You block Pikel's attack.
The lemure closely misses you.
As you read the scroll of teleportation, it crumbles to dust.
You feel strangely unstable. The lemure hits you!
* * * LOW HITPOINT WARNING * * *
Harold says, "Let's make it quick, okay?
I've got mouths to feed."
Harold completely misses you. The white imp spits at you.
A black bear comes into view.
Pikel hits you with a +0 whip of electrocution!
* * * LOW HITPOINT WARNING * * *
You are electrocuted!!
You die...

...# ###....#...........<
..... #............<......
....###............(......
..h......................
###l.(..................
#$....÷.♣.............
#..5).♣.∩.♣...........
###..55.♣.........<...
##.sK5.#.....##÷...#
###@.##......#..#.#
.5.#######......# #?...#
......# ..##... ......##
..# ..## .......# .#
........# ..


You could see Harold (extremely poisoned), Pikel (very poisoned), a black bear,
4 lemures, a white imp and a leopard gecko.

Vanquished Creatures
  A two-headed ogre (D:5)
  Maurice (D:8)
  Sigmund (D:4)
  A soldier ant (D:6)
  2 orc warriors (D:7)
  2 ogres (D:7)
  4 ice beasts
  A phantom (D:6)
  2 centaurs (D:7)
  Blork the orc (D:4)
  4 bullfrogs
  2 scorpions
  3 killer bees
  2 howler monkeys
  A bullfrog zombie (D:8)
  2 orc priests (D:7)
  4 hounds
  3 iguanas
  4 orc wizards
  5 worker ants
  A howler monkey zombie (D:4)
  A worker ant zombie (D:8)
  7 adders
  4 gnolls (D:4)
  A shadow imp (D:7)
  2 white imps
  2 ufetubi
  An ooze (D:1)
  An adder skeleton (D:5)
  5 worms
  4 dart slugs
  3 leopard geckos
  17 orcs
  3 ball pythons
  5 giant cockroaches
  11 goblins
  7 hobgoblins
  5 jackals (D:5)
  7 kobolds
  7 quokkas
  14 bats
  4 frilled lizards
  A quokka zombie (D:6)
  4 rats
163 creatures vanquished.

Notes
Turn   | Place    | Note
-------+----------+-------------------------------------------
     0 | D:1      | Bikalo the Gnoll Transmuter began the quest for the Orb.
     0 | D:1      | Reached XP level 1. HP: 17/17 MP: 6/6
    20 | D:1      | Reached XP level 2. HP: 16/23 MP: 5/7
   142 | D:1      | Learned a level 2 spell: Wereblood
   379 | D:1      | Reached XP level 3. HP: 26/28 MP: 7/9
   541 | D:1      | Reached skill level 5 in Spellcasting
   858 | D:1      | You fall into a shaft and drop 1 floor!
   918 | D:2      | Reached skill level 1 in Invocations
  1386 | D:2      | Reached skill level 1 in Short Blades
  1386 | D:2      | Reached skill level 1 in Long Blades
  1386 | D:2      | Reached skill level 1 in Axes
  1386 | D:2      | Reached skill level 1 in Maces & Flails
  1386 | D:2      | Reached skill level 1 in Polearms
  1386 | D:2      | Reached skill level 1 in Staves
  1386 | D:2      | Reached skill level 1 in Slings
  1386 | D:2      | Reached skill level 1 in Bows
  1386 | D:2      | Reached skill level 1 in Crossbows
  1386 | D:2      | Reached skill level 1 in Throwing
  1386 | D:2      | Reached skill level 1 in Armour
  1386 | D:2      | Reached skill level 1 in Stealth
  1386 | D:2      | Reached skill level 1 in Shields
  1386 | D:2      | Reached skill level 1 in Evocations
  1387 | D:2      | Reached XP level 4. HP: 26/34 MP: 7/11
  1813 | D:2      | Found a hide-covered altar of Uskayaw.
  1948 | D:2      | Found a blossoming altar of Fedhas.
  1950 | D:2      | Found a snail-covered altar of Cheibriados.
  2140 | D:2      | Became a worshipper of Cheibriados the Contemplative
  2269 | D:3      | Reached skill level 1 in Conjurations
  2269 | D:3      | Reached skill level 1 in Hexes
  2269 | D:3      | Reached skill level 1 in Summonings
  2269 | D:3      | Reached skill level 1 in Necromancy
  2269 | D:3      | Reached skill level 1 in Translocations
  2269 | D:3      | Reached skill level 1 in Fire Magic
  2269 | D:3      | Reached skill level 1 in Ice Magic
  2269 | D:3      | Reached skill level 1 in Air Magic
  2269 | D:3      | Reached skill level 1 in Earth Magic
  2269 | D:3      | Reached skill level 1 in Poison Magic
  2570 | D:3      | Found a shimmering blue altar of Sif Muna.
  2679 | D:4      | Found a shimmering altar of Xom.
  2688 | D:4      | Reached XP level 5. HP: 39/40 MP: 10/12
  2700 | D:4      | Learned a level 3 spell: Spider Form
  2766 | D:4      | Reached * piety under Cheibriados
  2951 | D:4      | Reached XP level 6. HP: 47/47 MP: 11/13
  3081 | D:4      | Found a staircase to the Ecumenical Temple.
  3101 | D:4      | Got a pitted chain mail
  3112 | D:4      | Identified the +1 chain mail "Areh" {rC++} (You found it on
                  | level 4 of the Dungeon)
  3454 | D:4      | Noticed Sigmund
  3623 | D:4      | Killed Sigmund
  3623 | D:4      | Reached skill level 5 in Dodging
  3738 | D:4      | Reached XP level 7. HP: 32/52 MP: 15/15
  3867 | D:4      | Found a large runed translucent door.
  3867 | D:4      | Found a large runed translucent door.
  4301 | D:4      | Found a large runed translucent door.
  4301 | D:4      | Found a large runed translucent door.
  4370 | D:4      | Noticed Blork the orc
  4379 | D:4      | Learned a level 5 spell: Blade Hands
  4495 | D:4      | Killed Blork the orc
  4495 | D:4      | Reached skill level 7 in Unarmed Combat
  4903 | D:5      | Entered Level 5 of the Dungeon
  5406 | D:5      | Noticed a two-headed ogre
  5425 | D:5      | Killed a two-headed ogre
  5425 | D:5      | Reached XP level 8. HP: 40/60 MP: 15/17
  5603 | D:5      | Reached ** piety under Cheibriados
  5769 | D:5      | Found a white marble altar of Elyvilon.
  6260 | D:5      | Found a stormy altar of Qazlal.
  6437 | D:6      | Identified a scroll of acquirement
  6437 | D:6      | Acquired 1010 gold pieces
  6672 | D:6      | Reached XP level 9. HP: 60/66 MP: 16/18
  6775 | D:6      | Found an iron altar of Okawaru.
  6781 | D:6      | Reached skill level 5 in Transmutations
  7021 | D:6      | Reached *** piety under Cheibriados
  7887 | D:7      | Found a runed translucent gate.
  7887 | D:7      | Noticed WhatIsLove's ghost (novice HOMo)
  7888 | D:7      | Found a runed translucent gate.
  7891 | D:7      | Found a runed translucent gate.
  7903 | D:7      | Found a roughly hewn altar of Beogh.
  8083 | D:7      | Reached skill level 5 in Fighting
  8566 | D:7      | Found a radiant altar of Vehumet.
  8632 | D:7      | Reached skill level 8 in Unarmed Combat
  8767 | D:7      | Found a basalt altar of Yredelemnul.
  8813 | D:7      | Found a glowing golden altar of the Shining One.
  9593 | D:7      | Reached skill level 5 in Invocations
 10143 | D:7      | Noticed an angel
 10215 | D:7      | Gained mutation: You have sharp fingernails. [potion of
                  | mutation]
 10215 | D:7      | Gained mutation: You are agile. (Dex +2) [potion of
                  | mutation]
 10601 | D:8      | Found Nodieck's Antique Armour Shop.
 10618 | D:8      | Reached **** piety under Cheibriados
 10651 | D:8      | Noticed Maurice
 10667 | D:8      | Killed Maurice
 10667 | D:8      | Reached XP level 10. HP: 38/75 MP: 14/20
 10706 | D:8      | Bought a pair of embroidered gloves for 210 gold pieces
 10706 | D:8      | Bought a buckler for 126 gold pieces
 10844 | D:8      | Noticed Harold
 10852 | D:8      | Noticed Pikel
 10864 | D:8      | Mangled by Pikel

Illustrated notes

Levels and vault maps discovered:
D:1:      heliophobic_arrival_enchanted_forest, layout_basic, amethyst_killhole,
          palyth_stone_intersect
D:2:      layout_loops_ring, lemuel_round_altar, gammafunk_temple_overflow_wave,
          serial_glass, glass_columns_c, glass_columns_c,
          minmay_strange_pillars, item_on_display_a, minmay_goblin_outpost
D:3:      layout_rooms, nicolae_overflow_crystal_walls
D:4:      layout_cave_pools, xom_teletrap_fun, minmay_temple_entry_steel_oval,
          minmay_hollow_rounded_squares, uniq_sigmund, uniq_blork_the_orc
D:5:      layout_loops_corners, old_standard_altar, marbit_many_paths,
          minmay_chambers_of_fives
D:6:      layout_basic, lemuel_round_altar
D:7:      minmay_inner_zag, layout_basic, grunt_temple_overflow_holy_war,
          kennysheep_mini, biasface_ghost_orc_armoury
D:8:      layout_rooms, makhleb_altar_promises_db, serial_curves,
          eino_curves_01, eino_curves_04, serial_shops, nicolae_shop_trees,
          serial_bayou_lagoon_a, uniq_pikel, uniq_maurice, uniq_harold

Skill      XL: |  1  2  3  4  5  6  7  8  9 |
---------------+----------------------------+-----
Spellcasting   | 5 6 7 |  7.1
Invocations    | 1 2 3 4 5 |  5.4
Short Blades   | 1 2 3 4 |  4.9
Long Blades    | 1 2 3 4 |  4.9
Axes           | 1 2 3 4 |  4.9
Maces & Flails | 1 2 3 4 |  4.9
Polearms       | 1 2 3 4 |  4.9
Staves         | 1 2 3 4 |  4.9
Slings         | 1 2 3 4 |  4.9
Bows           | 1 2 3 4 |  4.9
Crossbows      | 1 2 3 4 |  4.9
Throwing       | 1 2 3 4 |  4.9
Armour         | 1 2 3 4 |  4.9
Stealth        | 1 2 3 4 |  4.9
Shields        | 1 2 3 4 |  4.9
Evocations     | 1 2 3 4 |  4.9
Conjurations   | 1 2 3 4 |  4.1
Hexes          | 1 2 3 4 |  4.1
Summonings     | 1 2 3 4 |  4.1
Necromancy     | 1 2 3 4 |  4.1
Translocations | 1 2 3 4 |  4.1
Fire Magic     | 1 2 3 4 |  4.1
Ice Magic      | 1 2 3 4 |  4.1
Air Magic      | 1 2 3 4 |  4.1
Earth Magic    | 1 2 3 4 |  4.1
Poison Magic   | 1 2 3 4 |  4.1
Fighting       | 3 4 5 |  5.6
Transmutations | 4 5 |  5.6
Dodging        | 5 6 |  6.8
Unarmed Combat | 7 8 |  8.3

Action                   |  1- 3 |  4- 6 |  7- 9 | 10-12 || total
-------------------------+-------+-------+-------+-------++-------
Melee: Unarmed           |    89 |   111 |   254 |    19 ||   473
       Kick              |    16 |    27 |    75 |     2 ||   120
       Bite              |    11 |     4 |    39 |     1 ||    55
       Headbutt          |     9 |    13 |    43 |     1 ||    66
 Cast: Beastly Appendage |    18 |    23 |    43 |     1 ||    85
       Wereblood         |     1 |     1 |     4 |       ||     6
       Spider Form       |       |       |     8 |     1 ||     9
       Blade Hands       |       |       |     1 |       ||     1
Invok: Slouch            |       |       |     1 |       ||     1
  Use: Potion            |       |     4 |     8 |       ||    12
       Scroll            |       |       |    10 |     1 ||    11
 Stab: Sleeping          |     1 |       |     6 |       ||     7
Armor: Robe              |    21 |     2 |     6 |       ||    29
       Ring mail         |       |     5 |    22 |       ||    27
       Skin              |       |    17 |     1 |       ||    18
       Chain mail        |       |       |       |     2 ||     2
Dodge: Dodged            |    64 |    93 |   241 |    15 ||   413
Block: Other             |       |       |    64 |     6 ||    70
       Reflection        |       |       |     5 |     1 ||     6
       Buckler           |       |       |       |     2 ||     2

Table legend: (Time is in decaauts)
 A = Elapsed time spent in this place.
 B = Non-inter-level travel time spent in this place.
 C = Inter-level travel time spent in this place.
 D = Time resting spent in this place.
 E = Time spent auto-exploring this place.
 F = Levels seen in this place.
 G = Mean time per level.
                   A        B        C        D        E       F      G
               +--------+--------+--------+--------+--------+-----+--------+
         Total |  12496 |  12243 |    253 |   4375 |   6211 |   8 | 1562.0 |
       Dungeon |  12496 |  12243 |    253 |   4375 |   6211 |   8 | 1562.0 |
               +--------+--------+--------+--------+--------+-----+--------+

Top non-repeatable levels by time:
     D:7: 3752 daAuts
     D:4: 2442 daAuts
     D:5: 1883 daAuts
     D:6: 1305 daAuts
     D:1: 1128 daAuts
     D:2: 1053 daAuts
     D:3: 597 daAuts
     D:8: 334 daAuts
